 Dungeon Sprint DCSS version 0.14-a0-519-g334afa2 (webtiles) character file.

124 MDvedh the Magician (level 4, -3/24 HPs)
             Began as a Deep Elf Air Elementalist on Nov 2, 2013.
             Was a Believer of Vehumet.
             Slain by a yak (11 damage)
             ... in the Dungeon (Sprint IX: "|||||||||||||||||||||||||||||").
             The game lasted 00:02:20 (552 turns).

MDvedh the Magician (Deep Elf Air Elementalist)      Turns: 552, Time: 00:02:20

HP  -3/24        AC  6     Str  8      XL: 4   Next: 81%
MP  14/17        EV 13     Int 21      God: Vehumet [**....]
Gold 0           SH  0     Dex 15      Spells:  3 memorised, 11 levels left

Res.Fire  : . . .   See Invis. : .   m - staff of energy
Res.Cold  : . . .   Warding    : .   a - +0 elf robe
Life Prot.: . . .   Conserve   : .   (no shield)
Res.Poison: .       Res.Corr.  : .   (no helmet)
Res.Elec. : .       Clarity    : .   n - +0 cloak
Sust.Abil.: . .     Spirit.Shd : .   o - +0 pair of dwarf gloves
Res.Mut.  : .       Prev.Telep.: +   (no boots)
Res.Rott. : .       Flight     : .   (no amulet)
Saprovore : . . .                    q - +2 ring of protection
                                     p - +3 ring of strength

@: quick, slightly resistant to hostile enchantments, unstealthy
A: no striking features
a: Renounce Religion


You were in the Dungeon.
You worshipped Vehumet.
Vehumet was pleased with you.
You were not hungry.

You visited 1 branch

Inventory:

Armour
 a - a +0 elven robe (worn)
 n - a +0 cloak (worn)
 o - a +0 pair of dwarven gloves (worn)
Magical devices
 l - a wand of fire (7)
Comestibles
 c - a bread ration
Scrolls
 i - 2 scrolls of blinking
 j - 3 scrolls of remove curse
 k - 2 scrolls of amnesia
Jewellery
 p - a +3 ring of strength (left hand)
 q - a +2 ring of protection (right hand)
Potions
 d - 5 potions of curing
 e - 3 potions of heal wounds
 f - a potion of speed
 g - 4 potions of magic
 h - a potion of invisibility
Books
 b - a book of Air

   Spells                             Type                      Level
   *Shock                             Conjuration/Air              1
   *Swiftness                         Charms/Air                   2
   Repel Missiles                     Charms/Air                   2
   Flight                             Charms/Air                   3
   *Static Discharge                  Conjuration/Air              3
   Lightning Bolt                     Conjuration/Air              5
Magical staves
 m - an uncursed staff of energy (weapon)


   Skills:
 - Level 2.4 Dodging
 - Level 2.4 Stealth
 + Level 7.3 Spellcasting
 + Level 6.1 Conjurations
 + Level 6.2 Air Magic


You had 11 spell levels left.
You knew the following spells:

 Your Spells              Type           Power        Failure   Level  Hunger
a - Shock                 Conj/Air       ####         1%          1    None
b - Static Discharge      Conj/Air       ####....     1%          3    None
c - Swiftness             Chrm/Air       ###.......   4%          2    None


Dungeon Overview and Level Annotations

Branches:
Dungeon (1/1)

Altars:
Ashenzari
Cheibriados
Elyvilon
Fedhas
Kikubaaqudgha
Makhleb
Nemelex Xobeh
Okawaru
Sif Muna
Trog
Vehumet
Xom
Yredelemnul
Zin
the Shining One


Message History

The zap hits the wyvern.
The wyvern is lightly wounded.
The zap hits the worker ant.
The worker ant is moderately wounded.
The zap hits the worker ant.
The worker ant is heavily wounded.
The yak gores you!
Ouch! That really hurt!
The worker ant waves its antennae.
Casting: Shock
Confirm with . or Enter, or press ? or * to list all spells.
Okay, then.
Unknown command.
Casting: Shock
Confirm with . or Enter, or press ? or * to list all spells.
Okay, then.
Casting: Shock
Confirm with . or Enter, or press ? or * to list all spells.
You feel quick. The yak gores you!
You die... ######################### '...)..[..'.%.).@YzopDa.+ #########################

You could see a yak, a hungry ghost, an orc warrior, a wyvern, a worker ant and a giant gecko skeleton.

Vanquished Creatures
  A scorpion (D)
  A hound (D)
  2 worker ants (D)
  An adder (D)
  A giant eyeball (D)
  3 bats (D)
  A goblin (D)
  A hobgoblin (D)
  3 kobolds (D)
  2 rats (D)
16 creatures vanquished.

Notes
Turn   | Place    | Note
--------------------------------------------------------------
     0 | D        | MDvedh, the Deep Elf Air Elementalist, began the quest for the Orb.
     0 | D        | Reached XP level 1. HP: 10/10 MP: 4/4
   190 | D        | Noticed a scorpion
   190 | D        | Noticed a worker ant
   193 | D        | Reached skill level 4 in Air Magic
   193 | D        | Reached XP level 2. HP: 13/15 MP: 1/7
   202 | D        | Killed a scorpion
   202 | D        | Reached skill level 5 in Spellcasting
   202 | D        | Reached XP level 3. HP: 11/19 MP: 0/11
   207 | D        | Killed a worker ant
   207 | D        | Reached skill level 5 in Conjurations
   207 | D        | Reached skill level 5 in Air Magic
   433 | D        | Found a glowing golden altar of the Shining One.
   433 | D        | Found an ancient bone altar of Kikubaaqudgha.
   433 | D        | Found a bloodstained altar of Trog.
   433 | D        | Found a radiant altar of Vehumet.
   433 | D        | Found a basalt altar of Yredelemnul.
   433 | D        | Found a sparkling altar of Nemelex Xobeh.
   433 | D        | Found a shimmering altar of Xom.
   434 | D        | Found a glowing silver altar of Zin.
   435 | D        | Found a snail-covered altar of Cheibriados.
   436 | D        | Found a deep blue altar of Sif Muna.
   437 | D        | Found a shattered altar of Ashenzari.
   438 | D        | Found a burning altar of Makhleb.
   439 | D        | Became a worshipper of Vehumet
   440 | D        | Found a white marble altar of Elyvilon.
   441 | D        | Found a blossoming altar of Fedhas.
   442 | D        | Found an iron altar of Okawaru.
   443 | D        | Found a blossoming altar of Fedhas.
   444 | D        | Found a deep blue altar of Sif Muna.
   487 | D        | Learned a level 3 spell: Static Discharge
   490 | D        | Learned a level 2 spell: Swiftness
   490 | D        | Noticed a hound
   490 | D        | Noticed a worker ant
   490 | D        | Paralysed by a giant eyeball for 4 turns
   495 | D        | Reached skill level 6 in Spellcasting
   495 | D        | Reached XP level 4. HP: 24/24 MP: 13/16
   495 | D        | Acquired Vehumet's first power
   495 | D        | Offered knowledge of Sting by Vehumet.
   497 | D        | Killed a hound
   498 | D        | Killed a worker ant
   498 | D        | Reached skill level 7 in Spellcasting
   550 | D        | Noticed a yak
   550 | D        | Noticed an orc warrior
   550 | D        | Noticed a hungry ghost
   550 | D        | Noticed a wyvern
   550 | D        | Noticed a worker ant
   552 | D        | Slain by a yak

Action                   |  1- 3 |  4- 6 || total
-------------------------+-------+-------++-------
Melee: Unarmed           |    20 |       ||    20
 Cast: Shock             |     9 |     5 ||    14
       Swiftness         |       |     1 ||     1
  Use: Potion            |     1 |       ||     1
